Map: Lerilak Crest

Players

LilDicky - Winner!

  • Race: Terran Terran
  • League: Diamond

LoveMDee

  • Race: Protoss Protoss
  • League: Diamond

VOD

http://www.twitch.tv/tumescentpie

Description

Time

  • Played on: Dec. 12, 2015, 9:03 p.m.
  • Length: 5:43
Show
View Real Time Build Order
Export as new Build Order

LilDicky Terran - Winner!

Build Orders: MMM Bio 

Get SALT Encoding   

  12  0:02  SCV  
  13  0:18  SCV  
  14  0:26  Supply Depot  
  14  0:30  SCV  
  15  0:35  Refinery  
  15  0:48  SCV  
  16  0:52  Barracks  
  16  1:00  SCV  
  17  1:12  SCV  
  18  1:24  SCV  
  19  1:36  SCV  
  20  1:48  SCV  
  20  1:51  Marine  
  23  2:02  Supply Depot, Orbital Command  
  23  2:05  Barracks x2  
  22  2:10  Marine  
  23  2:20  Factory  
  23  2:35  SCV  
  24  2:39  Refinery  
  24  2:50  Barracks Reactor  
  23  2:54  Barracks Tech Lab x2  
  23  3:01  SCV  
  24  3:13  SCV, Marine x2  
  24  3:14  Combat Shields, Stimpack  
  27  3:23  Supply Depot  
  29  3:27  SCV  
  29  3:28  Marine  
  31  3:44  SCV, Marine x3  
  31  3:46  Marine  
  34  3:56  SCV  
  34  4:02  Marine  
  38  4:03  Marine, Marauder  
  38  4:08  Supply Depot  
  39  4:12  Starport  
  39  4:14  Barracks  
  39  4:29  SCV, Marine x3, Widow Mine  
  45  4:37  Supply Depot  
  45  4:41  SCV  
  45  4:42  Supply Depot  
  46  4:58  Marine, Medivac  
  49  5:07  Marine x2  
  49  5:08  Marauder  
  49  5:11  Supply Depot  
  53  5:21  Hellion  
  53  5:22  Marine  
  53  5:24  Marine  
Show
View Real Time Build Order
Export as new Build Order

LoveMDee Protoss 

Build Orders: 1 Gate Expand, Oracle Opening 

Get SALT Encoding   

  12  0:01  Probe (Chrono Boost)  
  13  0:11  Probe (Chrono Boost)  
  14  0:18  Pylon  
  14  0:23  Probe (Chrono Boost)  
  15  0:36  Probe (Chrono Boost), Gateway  
  16  0:43  Assimilator  
  16  0:46  Probe (Chrono Boost)  
  17  0:57  Probe (Chrono Boost)  
  18  1:08  Probe (Chrono Boost)  
  19  1:21  Nexus  
  19  1:24  Probe (Chrono Boost)  
  20  1:34  Cybernetics Core  
  20  1:41  Probe (Chrono Boost)  
  20  1:43  Assimilator  
  21  1:52  Probe (Chrono Boost)  
  22  1:58  Pylon  
  22  2:06  Probe (Chrono Boost)  
  23  2:11  Warp Gate  
  23  2:16  Adept  
  23  2:17  Mothership Core (Chrono Boost)  
  27  2:33  Probe (Chrono Boost)  
  27  2:35  Probe (Chrono Boost)  
  29  2:43  Probe (Chrono Boost)  
  30  2:46  Probe (Chrono Boost), Pylon  
  31  2:54  Probe (Chrono Boost)  
  31  2:56  Probe (Chrono Boost)  
  33  3:00  Stargate  
  33  3:05  Probe (Chrono Boost)  
  34  3:06  Adept  
  34  3:07  Probe (Chrono Boost)  
  37  3:15  Probe (Chrono Boost)  
  37  3:16  Pylon  
  37  3:17  Probe (Chrono Boost)  
  39  3:26  Probe (Chrono Boost)  
  40  3:28  Forge  
  40  3:35  Probe (Chrono Boost)  
  40  3:36  Probe (Chrono Boost)  
  42  3:45  Probe (Chrono Boost)  
  42  3:47  Probe (Chrono Boost), Oracle  
  47  3:54  Assimilator  
  47  3:56  Probe (Chrono Boost)  
  47  3:57  Probe (Chrono Boost)  
  47  4:01  Photon Cannon  
  49  4:04  Photon Cannon  
  49  4:08  Gateway  
  49  4:11  Probe (Chrono Boost), Gateway  
  50  4:17  Assimilator  
  50  4:18  Probe (Chrono Boost)  
  50  4:21  Probe (Chrono Boost)  
  52  4:30  Probe (Chrono Boost)  
  53  4:32  Probe (Chrono Boost)  
  53  4:34  Phoenix  
  56  4:38  Adept  
  56  4:42  Twilight Council, Probe x2 (Chrono Boost)  
  60  5:02  Adept  
  62  5:26  Pylon  
  62  5:27  Pylon  
  62  5:28  Pylon  
  62  5:31  Pylon  
Tags
 
Add a new tag
Caveats
  • Supply blocks, unpowered buildings, or Contaminate may cause inaccurate times.
  • Supply counts are checked every 10 seconds.